Unix NetHack Version 5.0.0-0 post-release - last build May 17 2026 04:57:42 (dc50c8380fa5e20985bfe3072449f57b8d9895ef,branch:main).

Game began 2026-05-17 22:37:15, ended 2026-05-17 22:42:12.

Brudee, chaotic female human Monk

     --
    --G---
    |).@.--
    |.....--
    --.|...-
     -----..-
          .*..
           ..|
           ---

Brudee the Candidate            St:17 Dx:14 Co:10 In:9 Wi:13 Ch:12  Chaotic S:503
Dlvl:8  $:5  HP:0(18) Pw:12(12) AC:5  Xp:2/37 T:336 

Latest messages:
 You were wearing an uncursed +1 robe.
 What do you want to wear? [bj or ?*] ?
 You are now wearing a cloak of protection.
 You do not owe Sipaliwini anything.
 Sparky picks up a silver wand.
 Sparky eats a tripe ration.
 You do not owe Sipaliwini anything.
 Sparky drops a silver wand.
 You hear someone cursing shoplifters.
 You hear someone cursing shoplifters.
 You descend the stairs.
 Sparky misses it.
 You hear some noises.
 The gnome throws a dagger!
 The dagger hits the gnome.
 You hear a chugging sound.
 You hear some noises in the distance.
 You hear some noises.
 You hear some noises in the distance.
 You hit the dwarf!
 You kill the dwarf!
 You hear some noises.
 k - a zinc wand.
 There are several more objects here.
 You hear some noises in the distance.
 The gnome throws a dagger!
 You are hit by a dagger.
 You are almost hit by a crossbow bolt.
 A crossbow bolt misses you.
 You miss the gnome.
 You are almost hit by a dagger.
 The gnome swings her crossbow.
 The gnome misses!
 You hit the gnome!
 You kill the gnome!
 Welcome to experience level 2.
 You hear some noises in the distance.
 You kill the gnome!
 Sparky picks up a dagger.
 Sparky drops a dagger.
 l - a glass wand.
 m - a dark brown spellbook.
 You kill the lichen!
 A trap door opens up under you!
 You fall down a very deep shaft!
 You hear the wailing of the Banshee...
 The gnome hits!
 You die...
 Do you want your possessions identified? [ynq] (y) y
 Do you want to see your attributes? [ynq] (y) q

Inventory:
 Coins    ('$')
  $ - 5 gold pieces
 Armor    ('[')
  a - an uncursed +2 pair of leather gloves (being worn)
  j - a cursed -1 cloak of protection (being worn)
  b - an uncursed +1 robe
 Comestibles  ('%')
  f - 8 uncursed apples
  e - 3 uncursed food rations
  h - 3 uncursed fortune cookies
  g - 6 uncursed oranges
 Scrolls  ('?')
  c - an uncursed scroll of create monster
 Spellbooks  ('+')
  m - an uncursed spellbook of protection
 Potions  ('!')
  d - 3 uncursed potions of healing
 Wands    ('/')
  l - a cursed wand of cancellation (0:4)
  k - a wand of secret door detection (0:13)

Brudee the Monk's attributes:

Background:
 You were a Candidate, a level 2 female human Monk.
 You were chaotic, on a mission for Huan Ti
 who was opposed by Shan Lai Ching (lawful) and Chih Sung-tzu (neutral).
 You were right-handed.
 You were in the Gnomish Mines, on level 8.
 You entered the dungeon 336 turns ago.
 It was nighttime.
 There was a new moon in effect when your adventure ended.
 You had 37 experience points, 3 more were needed to attain level 3.
 Your score was 503 before end-of-game adjustments.

Basics:
 You had 0 out of 18 hit points.
 You had all 12 energy points (spell power).
 Your armor class was 5.
 Your wallet contained 5 zorkmids.
 Autopickup was on for '$!=+?/"' plus thrown.

Final Characteristics:
 Your strength was 17 (limit:18/100).
 Your dexterity was 14 (limit:18).
 Your constitution was 10 (limit:18).
 Your intelligence was 9 (limit:18).
 Your wisdom was 13 (limit:18).
 Your charisma was 12 (limit:18).

Final Status:
 You weren't hungry.
 You were unencumbered.
 You were empty handed.
 You had basic skill with martial arts.

Final Attributes:
 You were fervently aligned.
 You were sleep resistant.
 You saw invisible.
 You were protected.
 You were fast.
 You are dead.

Miscellaneous:
 You didn't encounter any bones levels.
 Total elapsed playing time was 4 minutes and 56 seconds.

Major events:
 Turn
    1: Brudee the chaotic female human Monk entered the dungeon
  151: entered the Gnomish Mines
  336: killed by a gnome

Spells:
 Name                 Level Category     Fail Retention
 healing                1   healing       22%  91%-100%

Skills:
 Fighting Skills
   martial arts       [Basic]
 Weapon Skills
   quarterstaff       [Unskilled]
   spear              [Unskilled]
   crossbow           [Unskilled]
   shuriken           [Unskilled]
 Spellcasting Skills
   attack spells      [Unskilled]
   healing spells     [Basic]
   divination spells  [Unskilled]
   enchantment spells [Unskilled]
   clerical spells    [Unskilled]
   escape spells      [Unskilled]
   matter spells      [Unskilled]

Voluntary challenges:
 Character rerolling was not enabled.
 You went without food.
 You were an atheist.
 You never hit with a wielded weapon.
 You were illiterate.
 You never genocided any monsters.
 You never polymorphed an object.
 You never changed form.
 You used no wishes.
Achievements:
 You entered the Gnomish Mines.
 You entered a shop.

 The Dungeons of Doom: levels 1 to 2
    Level 1:
       A fountain.
    Level 2:
       A general store.
       Stairs down to The Gnomish Mines.
 The Gnomish Mines: levels 3 to 8
    Level 3:
    Level 8: <- You were here.
       Final resting place for
          you, killed by a gnome.


Vanquished creatures:
  2 dwarves
  4 gnomes
  a kobold
  a goblin
  a grid bug
  a lichen
  a kobold zombie
  a newt
12 creatures vanquished.

No species were genocided or became extinct.

Game over:
                       ----------
                      /          \
                     /    REST    \
                    /      IN      \
                   /     PEACE      \
                  /                  \
                  |      Brudee      |
                  |       5 Au       |
                  |   killed by a    |
                  |      gnome       |
                  |                  |
                  |                  |
                  |       2026       |
                 *|     *  *  *      | *
        _________)/\\_//(\/(/\)/\//\/|_)_______

Goodbye Brudee the Monk...

You died in The Gnomish Mines on dungeon level 8 with 503 points,
and 5 pieces of gold, after 336 moves.
You were level 2 with a maximum of 18 hit points when you died.

